 Dungeon Crawl Stone Soup version 0.31-a0-188-g5e087ee2ca (webtiles) character file.

Game seed: 17164603473590009871

195 qw the Skirmisher (level 5, 0/29 HPs)
             Began as a Deep Elf Hunter on June 23, 2023.
             Slain by a hobgoblin (1 damage)
             ... led by Robin
             ... on level 4 of the Dungeon.
             The game lasted 00:00:56 (2474 turns).

qw the Skirmisher (Deep Elf Hunter)                 Turns: 2474, Time: 00:00:57

Health: 0/29       AC:  7    Str: 10    XL:     5   Next: 45%
Magic:  7/7        EV:  9    Int: 14    God:
Gold:   148        SH:  0    Dex: 18    Spells: 4/4 levels left

rFire   . . .        Y - +0 shortbow
rCold   . . .        (shield currently unavailable)
rNeg    . . .        d - +0 scale mail
rPois   .            (no helmet)
rElec   .            (no cloak)
rCorr   .            (no gloves)
SInv    .            f - +0 pair of boots
Will    .....        (no amulet)
Stlth   +            (no ring)
HPRegen 0.24/turn    (no ring)
MPRegen 0.10/turn

%: no passive effects
@: no status effects
A: no striking features
a: no special abilities


You were on level 4 of the Dungeon.
You visited 1 branch of the dungeon, and saw 4 of its levels.

You collected 148 gold pieces.


   Skills:
 - Level 1.5 Fighting
 - Level 9.0 Ranged Weapons
 + Level 0.0 Armour
 - Level 2.4 Dodging
 - Level 1.2 Stealth


You had 4 spell levels left.
You didn't know any spells.
Your spell library was empty.

Inventory:

Hand Weapons
 Y - a +0 shortbow (weapon)
Armour
 c - a +0 ring mail
 d - a +0 scale mail (worn)
 f - a +0 pair of boots (worn)
Scrolls
 a - a scroll of identify
Potions
 b - a potion of haste {unknown}
 e - a potion of brilliance {unknown}
 g - a potion of resistance {unknown}
 h - a potion of enlightenment
 i - a potion of lignification {unknown}
 j - a potion of cancellation {unknown}
 k - a potion of degeneration {unknown}
 l - a potion of heal wounds

Dungeon Overview and Level Annotations

Branches:
Dungeon (4/15)
 Temple: D:4-7

Altars:
Elyvilon
Makhleb
Zin

Annotations:
D:4 Robin


Message History

The hobgoblin barely misses you.
You shoot an arrow.
The arrow hits the goblin but does no damage.
The goblin hits you with a +0 club. The hobgoblin hits you.
You shoot an arrow. The arrow hits the goblin!
You kill the goblin!
The hobgoblin hits you.
The goblin unwields a +0 dagger.
The goblin wields a +0 sling.
The goblin shoots a sling bullet.
The sling bullet hits you but does no damage.
You hear a shout! x2
Your Ranged Weapons skill increases to level 9!
You shoot an arrow.
The arrow hits the hobgoblin but does no damage.
You are no longer corroded.
Something unseen opens the door.
The hobgoblin closely misses you.
The goblin shoots a sling bullet.
The sling bullet hits you but does no damage.
The hobgoblin barely misses you.
You shoot an arrow. The arrow hits the hobgoblin.
The hobgoblin is moderately wounded.
The goblin shoots a sling bullet.
The sling bullet hits you. The hobgoblin completely misses you.
Robin roars a battlecry!
The hobgoblin goes into a battle-frenzy!
The goblin shoots a sling bullet.
The sling bullet hits you but does no damage.
You hear a shout!
You shoot an arrow. The arrow barely misses the hobgoblin.
The hobgoblin barely misses you. Robin throws the goblin at you!
The goblin shoots a sling bullet.
The sling bullet hits you.
You shoot an arrow. The arrow hits the hobgoblin.
You kill the hobgoblin!
The goblin hits you with a +0 dagger. Robin throws the goblin at you!
You shoot an arrow. The arrow hits the goblin!
You kill the goblin!
The goblin hits you with a +0 dagger. The goblin misses you.
The goblin closely misses you. The goblin barely misses you.
You shoot an arrow. The arrow completely misses Robin.
The goblin hits you with a +0 dagger. x2; The hobgoblin hits you.
You die... .............# #.. #.######.####.# #.######..# #.# ..........# #.# # .......#..###.# g. ..............' gg.

...........##g# .g.
.........#...g# g.#
...).........@##.g#
........####gggg.#
........# ##>####
........# #.#
######### #.# ...
... ..... .....


You could see Robin, a hobgoblin and 4 goblins.

Vanquished Creatures
  A jelly (D:4)
  Ijyb (D:4)
  2 adders (D:3)
  4 gnolls (D:3)
  A worm (D:3)
  3 dart slugs
  An orc (D:3)
  5 bats
  4 endoplasms
  11 goblins
  7 hobgoblins
  4 jackals (D:3)
  A quokka (D:3)
  10 ball pythons
  6 frilled lizards
  3 kobolds
  4 rats
68 creatures vanquished.

Vanquished Creatures (others)
  An endoplasm (D:3)
  A giant cockroach (D:3)
2 creatures vanquished.

Grand Total: 70 creatures vanquished

Notes
Turn   | Place    | Note
-------+----------+-------------------------------------------
     0 | D:1      | qw the Deep Elf Hunter began the quest for the Orb.
     0 | D:1      | Reached XP level 1. HP: 12/12 MP: 3/3
     0 | D:1      | 0 ||| qw: Version: 0.3-a-9-g12657ce
     0 | D:1      | 0 ||| qw: Game counter: 4184
     0 | D:1      | 0 ||| qw: Always use a shield: true
     0 | D:1      | 0 ||| qw: God list: Okawaru
     0 | D:1      | 0 ||| qw: Allow faded altars: false
     0 | D:1      | 0 ||| qw: Do Orc after D:15 true
     0 | D:1      | 0 ||| qw: Do second Lair branch before Depths: true
     0 | D:1      | 0 ||| qw: Lair rune preference: random
     0 | D:1      | 0 ||| qw: Plans: Normal
     0 | D:1      | 0 ||| PLANNING D:1-11
   245 | D:1      | Reached XP level 2. HP: 16/16 MP: 4/4
   247 | D:1      | Reached skill level 6 in Ranged Weapons
   452 | D:1      | Found a faded altar of an unknown god.
   818 | D:1      | 818 ||| UPGRADING to +0 pair of boots.
   823 | D:1      | 823 ||| DROPPING +6 ring of intelligence.
   824 | D:1      | 824 ||| READING 2 scrolls labelled XIACKEKL JEQY.
   825 | D:1      | 825 ||| READING scroll labelled GIOROE GEBRU.
   828 | D:1      | 828 ||| READING scroll labelled ONIUZO WUVU.
   829 | D:1      | 829 ||| DROPPING scroll of butterflies.
  1003 | D:2      | Reached XP level 3. HP: 20/20 MP: 5/5
  1266 | D:2      | 1266 ||| UPGRADING to +0 scale mail.
  1276 | D:2      | 1276 ||| DROPPING +0 leather armour.
  1277 | D:2      | 1277 ||| READING scroll labelled KOUVVI MAYHEI.
  1278 | D:2      | 1278 ||| READING scroll labelled XODINNISH.
  1279 | D:2      | 1279 ||| DRINKING 2 viscous green potions.
  1330 | D:3      | Reached skill level 7 in Ranged Weapons
  1379 | D:3      | Found a white marble altar of Elyvilon.
  1432 | D:3      | 1432 ||| FLEEEEING.
  1479 | D:3      | HP: 5/20 [poisoned by an adder]
  1480 | D:3      | 1480 ||| READING scroll of teleportation.
  1481 | D:3      | 1481 ||| DRINKING potion of heal wounds.
  1553 | D:3      | Reached XP level 4. HP: 14/25 MP: 6/6
  1796 | D:3      | Reached skill level 8 in Ranged Weapons
  1977 | D:3      | Found a burning altar of Makhleb.
  1982 | D:3      | Found a glowing silver altar of Zin.
  1982 | D:3      | Noticed an angel
  1982 | D:3      | Noticed an Executioner
  2238 | D:3      | 2238 ||| READING scroll labelled GOGGUE VILIRCH.
  2239 | D:3      | 2239 ||| DRINKING 2 lumpy grey potions.
  2330 | D:4      | 2330 ||| STAIRDANCE
  2427 | D:4      | Reached XP level 5. HP: 29/29 MP: 7/7
  2444 | D:4      | Noticed Robin
  2444 | D:4      | Noticed Ijyb
  2445 | D:4      | 2445 ||| Stepping ~*~*~tactically~*~*~ (outnumbered).
  2449 | D:4      | 2449 ||| Stepping ~*~*~tactically~*~*~ (outnumbered).
  2452 | D:4      | HP: 6/29 [Ijyb/bolt of acid (13)]
  2453 | D:4      | 2453 ||| DRINKING 3 potions of heal wounds.
  2457 | D:4      | Killed Ijyb
  2459 | D:4      | HP: 5/29 [hobgoblin[Robin] (4)]
  2460 | D:4      | 2460 ||| DRINKING 2 potions of heal wounds.
  2469 | D:4      | Reached skill level 9 in Ranged Weapons
  2474 | D:4      | HP: 6/29 [goblin/+0 dagger[Robin] (2)]
  2474 | D:4      | HP: 1/29 [goblin/+0 dagger[Robin] (5)]
  2474 | D:4      | Slain by a hobgoblin

Levels and vault maps discovered:
D:1:      spicycebolla_green_bress_n_ham_2, layout_loops_ring,
          ebering_ecumenical_altar_rust, serial_forest,
          infiniplex_forest_straight_1, infiniplex_forest_clump_small,
          infiniplex_forest_clump_tiny, infiniplex_forest_clump_small,
          infiniplex_forest_join, infiniplex_forest_end_2,
          infiniplex_forest_lined_2, infiniplex_forest_clump_tiny,
          infiniplex_forest_end_2
D:2:      layout_basic, hangedman_decor_push, minmay_bisected
D:3:      minmay_evil_eye, layout_loops_ring,
          grunt_temple_overflow_order_and_chaos_2, elyvilon_altar_4
D:4:      layout_basic, hangedman_feature_mirror, uniq_robin, uniq_ijyb

Skill      XL: |  1  2  3  4  5 |
---------------+----------------+-----
Ranged Weapons | 6 7 8 9 |  9.0
Fighting       | |  1.5
Dodging        | |  2.4
Stealth        | |  1.2

Action                     |  1- 3 |  4- 6 || total
---------------------------+-------+-------++-------
   Fire: Shortbow          |   132 |    74 ||   206
    Use: Scroll            |     6 |     1 ||     7
         Potion            |     2 |     3 ||     5
 Armour: Scale mail        |    31 |    12 ||    43
  Dodge: Dodged            |    25 |    38 ||    63

Table legend:
 A = Non-vault XP
 B = Vault XP
 C = Vault XP percentage of total XP
 D = Non-vault monster count
 E = Vault monster count
 F = Vault count percentage of total count
                 A         B        C        D         E       F
            +---------+---------+-------+---------+---------+-------
      Total |     199 |      80 |  28.7 |      53 |      15 |  22.1
            +---------+---------+-------+---------+---------+-------
        D:1 |      26 |       0 |   0.0 |      14 |       0 |   0.0
        D:2 |      21 |       8 |  27.6 |      13 |       4 |  23.5
        D:3 |     105 |      21 |  16.7 |      24 |       4 |  14.3
        D:4 |      47 |      51 |  52.0 |       2 |       7 |  77.8
            +---------+---------+-------+---------+---------+-------
